 Dungeon Crawl Stone Soup version 0.26-a0-613-g4f23886233 (webtiles) character file.

Game seed: 14801208024463296325

585 Shampoocat the Ruffian (level 7, -1/58 HPs)
             Began as a Ghoul Gladiator on Sept 10, 2020.
             Was an Initiate of Kikubaaqudgha.
             Slain by a scorpion (3 damage)
             ... on level 5 of the Dungeon on Sept 11, 2020.
             The game lasted 00:19:12 (4042 turns).

Shampoocat the Ruffian (Ghoul Gladiator)            Turns: 4042, Time: 00:19:13

Health: -1/58      AC: 10    Str: 20      XL:     7   Next: 37%
Magic:  6/6        EV:  8    Int:  1 (3)  God:    Kikubaaqudgha [......]
Gold:   124        SH:  0    Dex:  9 (10) Spells: 6/6 levels left

rFire    . . .     SeeInvis .   D - +1 executioner's axe (vorpal)
rCold    + . .     Faith    .   (shield currently unavailable)
rNeg     + + +     Spirit   .   h - +0 chain mail
rPois    ∞         Reflect  .   b - +0 helmet
rElec    .         Harm     .   (no cloak)
rCorr    .                      (no gloves)
MR       .....                  (no boots)
Stlth    ..........             (no amulet)
HPRegen  0.00/turn              (no ring)
MPRegen  0.10/turn              (no ring)

@: no status effects
A: rotting body, claws 1, cold resistance 1, negative energy resistance 3,
inhibited regeneration, torment resistance, unbreathing
a: Renounce Religion


You were on level 5 of the Dungeon.
You worshipped Kikubaaqudgha.
Kikubaaqudgha was noncommittal.
You visited 1 branch of the dungeon, and saw 5 of its levels.

You collected 366 gold pieces.
You spent 242 gold pieces at shops.

Inventory:

Hand Weapons
 d - a +0 hunting sling
 e - a +0 dagger
 s - a +1 dagger of electrocution
 v - a +0 halberd of protection
 D - a +1 vorpal executioner's axe (weapon)
Missiles
 c - 3 throwing nets (quivered)
 f - 7 boomerangs
 r - 2 boomerangs of dispersal
 x - 19 bolts
 y - 30 poisoned darts
Armour
 a - a +0 leather armour
 b - a +0 helmet (worn)
 g - a +0 leather armour
 h - a +0 chain mail (worn)
 i - a +0 ring mail
 t - a +0 ring mail
 A - a +0 ring mail
 C - a +0 ring mail
Jewellery
 n - an uncursed amulet of the acrobat {unknown}
Wands
 p - a wand of random effects (11)
Scrolls
 k - a scroll of teleportation
 m - 2 scrolls of fear
 u - 2 scrolls of remove curse
 w - a scroll of amnesia
Potions
 j - a potion of lignification
 l - 2 potions of stabbing
 q - a potion of mutation


   Skills:
 * Level 3.7 Fighting
 - Level 1.0 Short Blades
 * Level 0.6(0.8) Axes
 - Level 0.4(0.6) Polearms
 + Level 1.8 Throwing
 + Level 3.2 Armour
 + Level 3.3 Dodging
 + Level 0.4 Stealth
 - Level 6.5 Unarmed Combat


You had 6 spell levels left.
You didn't know any spells.
Your spell library contained the following spells:

 Spells                   Type           Power        Failure   Level
 Confusing Touch          Hex            #.......     100%        3
 Gell's Gravitas          Tloc           #.........   100%        3
 Petrify                  Tmut/Erth      #.......     100%        4
 Metabolic Englaciation   Hex/Ice        #.........   100%        5
 Yara's Violent Unravell  Hex/Tmut       #.........   100%        5


Dungeon Overview and Level Annotations

Branches:
Dungeon (5/15)
 Temple: D:4-7

Altars:
Ashenzari
Kikubaaqudgha
Xom
The Shining One

Shops:
D:5 *


Innate Abilities, Weirdness & Mutations

Your body is rotting away.
You thrive by killing the living.
You are immune to poison.
You have sharp fingernails.
Your flesh is cold resistant. (rC+)
You are immune to negative energy. (rN+++)
You do not regenerate when monsters are visible.
You are immune to unholy pain and torment.
You can survive without breathing.


Message History

The scorpion is almost dead.
The scorpion stings you but does no damage.
The scorpion stings you.
* * * LOW HITPOINT WARNING * * *
You closely miss the scorpion.
The scorpion is almost dead.
The scorpion stings you.
* * * LOW HITPOINT WARNING * * *
The scorpion stings you.
* * * LOW HITPOINT WARNING * * *
You closely miss the scorpion.
The scorpion is almost dead.
The scorpion stings you but does no damage.
The scorpion stings you.
* * * LOW HITPOINT WARNING * * *
You hit the scorpion but do no damage.
The scorpion is almost dead.
The scorpion stings you.
You die...
Kikubaaqudgha rasps: "You have failed me!
Welcome... oblivion!"

#.....##.# ###.#.##.# ..
#......# .. ###'#### #.
##...## #. # ##.....##
#. ##.# ##.......## ##.
##....###.........####..
#.....s@'.........'.....
##....###.........####..
##.# ##.......## ##. #
##.....## ## ##...##
##'## #.# #.#
####.######


You could see a scorpion.

Vanquished Creatures
  Grinder (D:3)
  A scorpion (D:5)
  A jelly (D:5)
  2 orc wizards (D:3)
  An iguana (D:5)
  2 worker ants (D:4)
  2 adders (D:2)
  9 gnolls
  An ooze (D:3)
  An adder zombie (D:5)
  3 worms
  2 dart slugs
  3 leopard geckos
  3 orcs (D:3)
  6 bats
  2 giant cockroaches (D:4)
  5 hobgoblins
  3 jackals (D:1)
  A quokka (D:2)
  A ball python (D:2)
  5 frilled lizards
  8 goblins
  6 kobolds
  7 rats
  2 butterflies (D:2)
78 creatures vanquished.

Notes
Turn   | Place    | Note
-------+----------+-------------------------------------------
     0 | D:1      | Shampoocat the Ghoul Gladiator began the quest for the Orb.
     0 | D:1      | Reached XP level 1. HP: 17/17 MP: 0/0
   218 | D:1      | Reached XP level 2. HP: 23/24 MP: 1/1
   643 | D:1      | Reached skill level 4 in Unarmed Combat
  1098 | D:2      | Reached XP level 3. HP: 17/30 MP: 2/2
  1137 | D:2      | Reached skill level 1 in Armour
  1175 | D:2      | Found a shattered altar of Ashenzari.
  1591 | D:2      | Found a shimmering altar of Xom.
  1707 | D:2      | Reached XP level 4. HP: 37/37 MP: 3/3
  2113 | D:3      | Found a faded altar of an unknown god.
  2143 | D:3      | Upgraded the game from 0.26-a0-612-gd4d190f45e to
                  | 0.26-a0-613-g4f23886233
  2235 | D:3      | Reached skill level 5 in Unarmed Combat
  2242 | D:3      | Reached XP level 5. HP: 41/42 MP: 4/4
  2512 | D:3      | Noticed Grinder
  2527 | D:3      | Paralysed by Grinder for 7 turns
  2537 | D:3      | Killed Grinder
  2537 | D:3      | Reached skill level 6 in Unarmed Combat
  2537 | D:3      | Reached XP level 6. HP: 39/50 MP: 5/5
  2864 | D:4      | Found an ancient bone altar of Kikubaaqudgha.
  3055 | D:4      | Found a glowing golden altar of the Shining One.
  3178 | D:4      | Became a worshipper of Kikubaaqudgha
  3259 | D:4      | Reached skill level 1 in Short Blades
  3259 | D:4      | Reached XP level 7. HP: 47/56 MP: 6/6
  3410 | D:5      | Entered Level 5 of the Dungeon
  3645 | D:5      | Found Xily's General Store.
  3648 | D:5      | Bought a +1 vorpal executioner's axe for 242 gold pieces
  4041 | D:5      | HP: 2/58 [scorpion (6)]
  4042 | D:5      | Slain by a scorpion

Illustrated notes

Levels and vault maps discovered:
D:1:      lightli_arrival_isolated_outpost, layout_basic
D:2:      layout_basic, xom_butterflies, overflow_temple_1_default, st_stairs_5
D:3:      layout_basic, overflow_temple_1_default,
          chequers_ecumenical_altar_simple, uniq_grinder
D:4:      layout_loops_ring, lemuel_crystal_altar, kennysheep_little_box,
          minivault_1
D:5:      layout_loops_corners, led_sif_pool, serial_shops,
          nicolae_shop_behind_doors, nicolae_shop_behind_doors,
          kennysheep_generic_room_7

Skill      XL: |  1  2  3  4  5  6  7 |
---------------+----------------------+-----
Unarmed Combat | 4 5 6 |  6.5
Armour         | 1 2 3 |  3.2
Dodging        | 3 |  3.3
Short Blades   | 1 |  1.0
Fighting       | 3 |  3.7
Axes           | |  0.6
Polearms       | |  0.4
Throwing       | |  1.8
Stealth        | |  0.4

Action                   |  1- 3 |  4- 6 |  7- 9 || total
-------------------------+-------+-------+-------++-------
Melee: Unarmed           |   147 |    55 |       ||   202
       Punch             |     2 |     3 |       ||     5
       Dagger            |       |    26 |       ||    26
       Halberd           |       |    17 |    38 ||    55
       Executioner's axe |       |       |    31 ||    31
  Use: Potion            |     4 |     1 |     6 ||    11
       Scroll            |     5 |     4 |     1 ||    10
Armor: Leather armour    |    28 |       |       ||    28
       Chain mail        |    78 |    73 |    65 ||   216
Dodge: Dodged            |    82 |    52 |    56 ||   190

Table legend: (Time is in decaauts)
 A = Elapsed time spent in this place.
 B = Non-inter-level travel time spent in this place.
 C = Inter-level travel time spent in this place.
 D = Time resting spent in this place.
 E = Time spent auto-exploring this place.
 F = Levels seen in this place.
 G = Mean time per level.
                   A        B        C        D        E       F      G
               +--------+--------+--------+--------+--------+-----+--------+
         Total |   4077 |   3333 |    744 |      0 |      0 |   5 |  815.4 |
       Dungeon |   4077 |   3333 |    744 |      0 |      0 |   5 |  815.4 |
               +--------+--------+--------+--------+--------+-----+--------+

Top non-repeatable levels by time:
     D:1: 1072 daAuts
     D:2: 1030 daAuts
     D:4: 734 daAuts
     D:5: 666 daAuts
     D:3: 574 daAuts
